AoeStats
← beneath mariana

African Clearing

506592176Analyzed
4v4 RM · 17d ago on Sep 14, 2026· 44m 8s· 8 players
Game mode
Random Map
Map size
Large (8 player)
Population
200
Speed
Normal
Resources
Standard
Victory
Conquest
Starting age
Dark Age
Ending age
Imperial Age
RankedLock teamsTeams togetherTeam positionsShared explorationLock speedFull tech treeHidden civsTurbo modeCheats
Victory
Defeat
🇸🇬 Poles · Singapore
1550
+13
🇨🇳 Khitans · China
1544
+13
🇨🇳 Maya · China
1532
+13
🇨🇳 Slavs · China
1171
+27
🇲🇽 Huns · Mexico
1503
-18
🇨🇳 Mongols · China
1492
-18
🇺🇸 Vietnamese · United States
1434
-15
🇲🇽 Magyars · Mexico
1431
-15
EXILE | ROBoTeCh
6:14 Loom
11:52 Feudal Age
12:34 Double-Bit Axe
19:30 Bloodlines
24:12 Castle Age
23:23 Scale Barding Armor
Laggy
11:44 Feudal Age
10:03 Loom
11:49 Feudal Age
14:23 Town Watch
15:41 Fletching
23:48 Castle Age
23:16 Padded Archer Armor
23:22 Double-Bit Axe
23:55 Crossbowman
27:42 Bodkin Arrow
MAXIMO MERIDIO
6:12 Loom
14:50 Feudal Age
24:39 Castle Age
26:14 Wheelbarrow
28:34 Double-Bit Axe
32:10 Horse Collar
35:50 Bow Saw
39:29 Imperial Age
37:56 Scale Barding Armor
38:53 Hand Cart
39:00 Chain Barding Armor
38:58 Marauders
39:58 Forging
40:11 Bloodlines
40:02 Husbandry
beneath mariana
11:07 Feudal Age
10:26 Loom
11:49 Double-Bit Axe
12:34 Horse Collar
12:55 Town Watch
16:39 Scale Barding Armor
18:04 Bloodlines
23:27 Castle Age
24:05 Forging
26:05 Iron Casting
34:27 Fletching
37:29 Bodkin Arrow
38:45 Ballistics
39:32 Husbandry
39:33 Padded Archer Armor
41:26 Murder Holes
Don't be bossy
4:24 Loom
12:46 Feudal Age
13:39 Double-Bit Axe
16:55 Fletching
18:02 Wheelbarrow
23:16 Castle Age
23:18 Crossbowman
23:57 Bodkin Arrow
27:19 Horse Collar
28:35 Padded Archer Armor
37:44 Ballistics
38:30 Leather Archer Armor
41:43 Gold Mining
44:40 Imperial Age
43:01 Stone Mining
夜语夕言守赢了
9:28 Loom
13:09 Feudal Age
14:53 Horse Collar
15:38 Double-Bit Axe
18:36 Castle Age
16:34 Horse Collar
22:50 Light Cavalry
25:47 Forging
27:58 Wheelbarrow
29:33 Scale Mail Armor
30:55 Pikeman
32:43 Bloodlines
34:19 Scale Barding Armor
35:37 Gold Mining
36:00 Bow Saw
35:57 Heavy Plow
37:07 Gold Shaft Mining
38:48 Stone Mining
39:21 Chain Barding Armor
39:37 Iron Casting
39:06 Husbandry
42:52 Imperial Age
41:50 Hand Cart
43:03 Hussar
44:47 Blast Furnace
44:23 Plate Barding Armor
Arietta Fine
9:25 Loom
11:53 Feudal Age
13:11 Double-Bit Axe
14:10 Horse Collar
26:41 Castle Age
25:42 Bloodlines
25:48 Gold Mining
27:29 Wheelbarrow
27:00 Scale Barding Armor
27:05 Forging
28:31 Chain Barding Armor
29:20 Szlachta Privileges
32:02 Husbandry
35:03 Hand Cart
35:02 Heavy Plow
35:25 Bow Saw
38:53 Iron Casting
帝三鲜
9:17 Loom
12:11 Feudal Age
13:10 Double-Bit Axe
15:48 Fletching
18:02 Padded Archer Armor
18:24 Forging
25:31 Town Watch
28:24 Castle Age
30:17 Iron Casting
37:38 Domestication
44:50 Bow Saw
Connection lost

Rejoining the realm…

Still unreachable

The connection could not be restored.

Session expired

The server has moved on; the page needs a fresh start.